 Dungeon Crawl Stone Soup version 0.29.1-2-gbd0b4ee654 (webtiles) character file.

Game seed: 18131550900340901607

37387 croobank the Spry (level 13, 0/65 HPs)
             Began as a Felid Summoner on Nov 3, 2022.
             Was an Initiate of Gozag.
             Slain by a wolf spider (16 damage)
             ... on level 2 of the Spider Nest.
             The game lasted 03:27:52 (33111 turns).

croobank the Spry (Felid Summoner)                 Turns: 33111, Time: 03:27:53

Health: 0/65       AC:  3    Str:  4    XL:     13   Next: 58%
Magic:  25/40      EV: 25    Int: 24    God:    Gozag
Gold:   2890       SH:  0    Dex: 12    Spells: 0/32 levels left
                                        Lives:  0   Deaths: 4

rFire   + . .      SeeInvis +   (weapon unavailable)
rCold   + + .      Faith    +   (shield unavailable)
rNeg    . . .      Spirit   .   (body armour unavailable)
rPois   +          Reflect  .   (helmet unavailable)
rElec   +          Harm     .   (cloak unavailable)
rCorr   .          Rampage  +   (gloves unavailable)
Will    ++...                   (boots unavailable)
Stlth   ++........              c - amulet of Upukir {Faith Rampage Fragile rElec Regen+}
HPRegen 1.00/turn               k - ring of magical power
MPRegen 0.27/turn               m - ring "Xubaiciyt" {+Blink rElec Will+ Int+3 Dex-5}

@: quick
A: very small, claws 1, fangs 3, see invisible, speed 1, shaggy fur 3, stealthy
paws, no weapons or thrown items, no armour, multi-lived, cold resistance 1,
fire resistance 1, high MP 1, poison resistance
a: Renounce Religion, Evoke Blink, Potion Petition, Call Merchant, Bribe Branch


You were on level 2 of the Spider Nest.
You worshipped Gozag.
Gozag was most pleased with you.
You visited 5 branches of the dungeon, and saw 23 of its levels.
You also visited: Sewer and Ice Cave.

You collected 6643 gold pieces.
You spent 1572 gold pieces at shops.
You paid 2181 gold pieces to Gozag.

Inventory:

Missiles
 o - 46 poisoned darts
Jewellery
 c - the amulet of Upukir (around neck) {Faith Rampage Fragile rElec Regen+}
   (You acquired it on level 2 of the Dungeon)

   [amulet of faith]

   It allows you to gain divine favour quickly.
   rElec:     It insulates you from electricity.
   Regen:     It increases your rate of health regeneration.
   Fragile:   It will be destroyed if unequipped.
   Rampage:   It bestows one free step when moving towards enemies.
 h - a ring of protection from fire
 k - a ring of magical power (left paw)
 m - the ring "Xubaiciyt" (right paw) {+Blink rElec Will+ Int+3 Dex-5}
   (You found it on level 11 of the Dungeon)

   [ring of willpower]

   Int:       It affects your intelligence (+3).
   Dex:       It affects your dexterity (-5).
   rElec:     It insulates you from electricity.
   +Blink:    It lets you blink.
   Will:      It increases your willpower.
 w - an amulet of the acrobat
 y - a +4 ring of evasion
 B - a ring of fire
 C - a ring of magical power
 H - a ring of wizardry
 K - a ring of resist corrosion
 P - a ring of positive energy
 Q - a +4 ring of evasion
 S - a ring of flight
Wands
 i - a wand of flame (35)
 q - a wand of digging (1)
 x - a wand of light (19)
 G - a wand of mindburst (3)
 M - a wand of iceblast (5)
 N - a wand of polymorph (4)
Scrolls
 j - a scroll of teleportation
 t - 2 scrolls of poison
 z - 2 scrolls of butterflies
 D - 2 scrolls of magic mapping
 F - 3 scrolls of immolation
 I - 7 scrolls of identify
 O - a scroll of vulnerability
 R - a scroll of torment
 T - a scroll of amnesia
Potions
 b - 5 potions of haste
 d - 7 potions of mutation
 e - 2 potions of berserk rage
 f - 15 potions of curing
 l - a potion of ambrosia
 n - a potion of invisibility
 p - 2 potions of resistance
 r - 7 potions of attraction
 u - 4 potions of brilliance
 v - 2 potions of lignification
 E - 2 potions of flight
 L - a potion of might {unknown}


   Skills:
 + Level 12.5 Fighting
 + Level 16.2 Dodging
 - Level 3.3 Stealth
 + Level 10.4 Spellcasting
 - Level 5.5 Conjurations
 - Level 5.0 Hexes
 + Level 12.1 Summonings
 + Level 11.2 Translocations
 + Level 9.3 Transmutations
 + Level 7.7 Air Magic


You couldn't memorise any spells.
You knew the following spells:

 Your Spells              Type           Power      Damage    Failure   Level
a - Dazzling Flash        Conj/Hex       74%        N/A       1%          3
c - Call Canine Familiar  Summ           63%        N/A       1%          3
d - Summon Guardian Gole  Hex/Summ       52%        N/A       1%          3
e - Summon Lightning Spi  Summ/Air       57%        N/A       1%          4
f - Summon Forest         Summ/Tloc      31%        N/A       1%          5
g - Summon Cactus Giant   Summ           31%        N/A       5%          6
h - Apportation           Tloc           100%       N/A       1%          1
i - Iskenderun's Mystic   Conj/Tloc      51%        2d11      1%          4
j - Tukima's Dance        Hex            36%        N/A       1%          3

Your spell library contained the following spells:

 Spells                   Type           Power      Damage    Failure   Level
 Summon Small Mammal      Summ           100%       N/A       1%          1
 Call Imp                 Summ           63%        N/A       1%          2
 Wereblood                Tmut           55%        N/A       1%          2
 Gell's Gravitas          Tloc           60%        N/A       1%          3
 Lesser Beckoning         Tloc           60%        N/A       1%          3
 Teleport Other           Tloc           60%        N/A       1%          3
 Blade Hands              Tmut           27%        N/A       3%          5
 Necrotise                Necr           48%        1d6       4%          1
 Inner Flame              Hex/Fire       24%        N/A       5%          3
 Cause Fear               Hex            18%        N/A       6%          4
 Scorch                   Fire           24%        2d6       8%          2
 Sublimation of Blood     Necr           12%        N/A       8%          2
 Dispersal                Tloc           30%        N/A       8%          6
 Flame Wave               Conj/Fire      25%        2d8       16%         4
 Summon Hydra             Summ           31%        N/A       28%         7
 Eringya's Noxious Bog    Tmut/Pois      17%        N/A       75%         6
 Storm Form               Tmut/Air       26%        N/A       78%         7
 Starburst                Conj/Fire      12%        6d5       94%         6
 Discord                  Hex            18%        N/A       100%        8
 Maxwell's Capacitive Co  Air            24%        ∞         100%        8
 Portal Projectile        Hex/Tloc       Unusable   N/A       N/A         3

Dungeon Overview and Level Annotations

Branches:
Dungeon (13/15)            Temple (1/1) D:7            Lair (5/5) D:8
 Shoals (0/4) Lair:2       Spider (2/4) Lair:3        Slime (0/5) Lair:5
    Orc (2/2) D:12            Elf (0/3) Orc:2         Sewer (visited)
  IceCv (visited)
 Vaults: D:13-14

Altars:
Ashenzari
Cheibriados
Dithmenos
Elyvilon
Fedhas
Gozag
Hepliaklqana
Kikubaaqudgha
Makhleb
Nemelex Xobeh
Okawaru
Qazlal
Ru
Sif Muna
Trog
Uskayaw
Vehumet
Wu Jian
Xom
Yredelemnul
Zin
The Shining One

Shops:
D:4 (   D:7 =   D:10 **   D:11 *   Orc:2 *=:*:   Lair:2 ::

Annotations:
D:2 1 runed translucent door, Crazy Yiuf
Spider:1 exclusion: orange crystal statue


Innate Abilities, Weirdness & Mutations

You have sharp claws.
You have razor-sharp teeth.
You have supernaturally acute eyesight. (SInv)
You cover ground quickly. (Speed+)
Your thick and shaggy fur keeps you warm. (AC +3, rC+)
Your paws help you pounce on unaware monsters.
You are incapable of wielding weapons or throwing items.
You cannot wear armour.
You gain extra lives every three experience levels.
Your flesh is cold resistant. (rC+)
Your flesh is heat resistant. (rF+)
You have an increased reservoir of magic. (+10% MP)
Your system is resistant to poisons. (rPois)


Message History

Casting: Summon Guardian Golem (safe; 1% risk of failure)
Confirm with . or Enter, or press ? or * to list all spells.
You swap places.
The wolf spider barely misses your guardian golem.
The wolf spider bites your guardian golem.
The wolf spider hits your guardian golem but does no damage.
The wolf spider bites your guardian golem!
Your guardian golem disappears in a puff of smoke!
Your wolf bites the wolf spider.
Your wolf closely misses the wolf spider.
The wolf spider misses you. The wolf spider bites you!
Your wolf closely misses the wolf spider.
You swap places.
The wolf spider barely misses you. The wolf spider bites you.
Your wolf closely misses the wolf spider.
Your wolf barely misses the wolf spider.
Casting: Call Canine Familiar (safe; 1% risk of failure)
Confirm with . or Enter, or press ? or * to list all spells.
Your wolf barely misses the wolf spider.
The wolf spider hits you!! The wolf spider misses you.
Your wolf bites the wolf spider.
The wolf spider barely misses you. The wolf spider bites you!
Okay, then.
Casting: Summon Cactus Giant (quite dangerous; 5% risk of failure)
Confirm with . or Enter, or press ? or * to list all spells.
Your wolf disappears in a puff of smoke!
The wolf spider hits you!!
* * * LOW HITPOINT WARNING * * *
The wolf spider misses you.
Your cactus giant closely misses the wolf spider.
Okay, then. [a] - 380 gold - heal wounds, resistance and might [b] - 648 gold - resistance, might, heal wounds, curing and berserk rage [c] - 110 gold - heal wounds Purchase which effect?
You no longer have enough gold to bribe branches to halt enemies' attacks and recruit allies.
You feel much better. The wolf spider misses you. The wolf spider bites you!
* * * LOW HITPOINT WARNING * * *
The wolf spider hits you!
You die...
Your body crumbles into a pile of gold.

####.#))####...,,***
**,, #.^#...## *###..,,*
*,,, ##..#...# *,,,.#,**
**,* #......####*,..#***
**** ##.#......#,..##,,*
**,,*
####.#...##....,****,,,*
#.#h.##..#..,,*,*,,**
##...##....#,***,,$**
#..#.@#..#,,,,,,,,,*
#..##sC..#,<***^,***
####§.#..#,,^,,,,*
#..####,,,,,***
###......**,^*
*,......*,,,*
**#.#.##*,,** *##*# ****


You could see a wolf spider (ally target), a friendly cactus giant (summoned)
and a friendly warg (summoned).

Vanquished Creatures
  An ufetubus (D:6)
  A giant cockroach (D:5)
  A hobgoblin (D:1)
  A jackal (D:4)
  2 frilled lizards
  3 butterflies
9 creatures vanquished.

Vanquished Creatures (collateral kills)
  Nikola (Spider:1)
  Gastronok (Lair:3)
  2 broodmothers
  A dire elephant (Lair:5)
  2 entropy weavers (Spider:1)
  4 hydras
  Harold (Lair:1)
  3 boulder beetles
  A catoblepas (Lair:5)
  Erica (D:8)
  10 death yaks
  3 two-headed ogres
  A deep troll shaman (Lair:5)
  3 orc high priests (Orc:2)
  Sonja (Lair:5)
  Amaemon (D:9)
  A pharaoh ant (Spider:1)
  2 orb spiders (Spider:1)
  2 steelbarb worms (Spider:1)
  Pikel (D:8)
  3 lindwurms
  4 orc knights (Orc:2)
  8 wolf spiders (Spider:1)
  4 orc sorcerers
  2 manticores
  A moth of wrath (Spider:1)
  4 black mambas
  5 elephants
  7 cane toads
  Maggie (D:7)
  4 rime drakes
  4 torpor snails
  An orange demon (D:9)
  3 kobold demonologists
  11 komodo dragons
  3 ice devils (IceCv)
  A troll (Orc:1)
  3 meliai (Spider:2)
  5 polar bears
  4 slime creatures (D:12)
  A wind drake (Lair:2)
  5 tarantellas (Spider:1)
  6 dream sheep (Lair:3)
  3 blink frogs
  22 jumping spiders
  5 wraiths
  8 culicivoras
  2 shadows
  6 wyverns
  47 yaks
  7 basilisks
  A death yak simulacrum (IceCv)
  18 redbacks
  A steam dragon (D:8)
  A vampire mosquito (D:10)
  A warg (Orc:1)
  2 acid dragons
  16 water moccasins
  Pargi (Sewer)
  17 orc warriors
  An ice beast (D:8)
  3 black bears
  26 wolves
  7 ogres
  5 centaurs
  2 lemures (D:8)
  6 kobold brigands
  9 bullfrogs
  A gnoll sergeant (D:9)
  A two-headed ogre simulacrum (IceCv)
  3 scorpions
  4 wights
  11 killer bees (D:10)
  6 nameless horrors
  3 howler monkeys
  12 orc priests
  A gnoll bouda (D:6)
  16 jellies
  A hound (D:6)
  15 orc wizards
  2 iguanas
  2 troll simulacra (IceCv)
  A wolf simulacrum (IceCv)
  9 gnolls
  4 adders
  A shadow imp (D:6)
  4 white imps
  An ufetubus (IceCv)
  A worm (D:3)
  A dart slug (D:1)
  58 orcs
  8 ball pythons
  6 bats
  6 endoplasms
  5 giant cockroaches
  21 goblins
  9 hobgoblins
  3 jackals (D:4)
  5 quokkas
  6 frilled lizards
  30 kobolds
  5 rats
  2 butterflies (Lair:2)
613 creatures vanquished.

Vanquished Creatures (others)
  An emperor scorpion (Spider:1)
  2 hydras (D:11)
  A radroach (Spider:1)
  2 death yaks (Lair:3)
  An oklob plant (Lair:4)
  2 wolf spiders (Spider:1)
  A black mamba (Lair:2)
  A cane toad (Lair:2)
  A gargoyle (D:11)
  2 rime drakes (Lair:1)
  An ice devil (IceCv)
  A polar bear (Lair:4)
  8 yaks
  2 wyverns
  A redback (Spider:1)
  Grum (D:8)
  3 death yak simulacra (IceCv)
  2 water moccasins (D:7)
  2 black bears
  An ogre (D:5)
  4 wolves
  A centaur (D:6)
  A lemure (D:8)
  A two-headed ogre simulacrum (IceCv)
  A cane toad simulacrum (IceCv)
  A scorpion (D:5)
  4 wights
  2 gnoll boudas
  2 iguanas
  3 troll simulacra (IceCv)
  9 gnolls
  2 river rats (D:5)
  A kobold (D:6)
  A bush (Lair:2)
  45 fungi
  59 plants
  7 snaplasher vines
180 creatures vanquished.

Grand Total: 802 creatures vanquished

Notes
Turn   | Place    | Note
-------+----------+-------------------------------------------
     0 | D:1      | croobank the Felid Summoner began the quest for the Orb.
     0 | D:1      | Reached XP level 1. HP: 7/7 MP: 4/4
    99 | D:1      | Noticed a floating eye
   106 | D:1      | Found a faded altar of an unknown god.
   106 | D:1      | Noticed a golden eye
   109 | D:1      | Noticed a golden eye
   124 | D:1      | Noticed a great orb of eyes
   211 | D:1      | Reached skill level 3 in Dodging
   211 | D:1      | Reached XP level 2. HP: 11/11 MP: 1/6
   214 | D:1      | Learned a level 2 spell: Call Imp
  1348 | D:2      | Identified a scroll of acquirement
  1348 | D:2      | Acquired the amulet of Upukir {Faith Rampage Fragile rElec
                  | Regen+}
  1390 | D:2      | Reached XP level 3. HP: 14/14 MP: 4/7
  1584 | D:2      | Learned a level 3 spell: Call Canine Familiar
  2106 | D:2      | Found a runed translucent door.
  2107 | D:2      | Noticed Crazy Yiuf
  2605 | D:3      | Reached skill level 1 in Fighting
  2646 | D:3      | Reached XP level 4. HP: 19/19 MP: 8/8
  3035 | D:3      | Reached skill level 1 in Hexes
  3067 | D:3      | Reached skill level 4 in Dodging
  3166 | D:3      | Identified the +7 whip "Ugil" {freeze, Stlth+}
  3415 | D:4      | Reached XP level 5. HP: 21/22 MP: 10/10
  3419 | D:4      | Learned a level 3 spell: Summon Guardian Golem
  3633 | D:4      | Found a stormy altar of Qazlal.
  3709 | D:4      | Gained mutation: You are covered in thick fur. (AC +2)
                  | [Felid growth]
  3709 | D:4      | Reached XP level 6. HP: 26/26 MP: 11/11
  3879 | D:4      | Found Waaneli's Antique Weapon Emporium.
  3879 | D:4      | Found a sacrificial altar of Ru.
  3897 | D:4      | Found a shadowy altar of Dithmenos.
  3897 | D:4      | Found an iron altar of Okawaru.
  3897 | D:4      | Found a shimmering altar of Xom.
  3898 | D:4      | Found a glowing silver altar of Zin.
  3898 | D:4      | Found an ornate altar of the Wu Jian Council.
  3900 | D:4      | Found a bloodstained altar of Trog.
  3900 | D:4      | Found a sparkling altar of Nemelex Xobeh.
  3900 | D:4      | Found a basalt altar of Yredelemnul.
  4035 | D:4      | Reached skill level 5 in Summonings
  4571 | D:5      | Entered Level 5 of the Dungeon
  4633 | D:5      | Reached skill level 5 in Dodging
  4640 | D:5      | Reached XP level 7. HP: 30/30 MP: 12/13
  4841 | D:5      | Found a glowing drain.
  4845 | Sewer    | Entered a sewer
  4940 | Sewer    | Noticed Pargi
  4948 | Sewer    | Killed Pargi
  5344 | D:5      | Gained mutation: You are frail. (-10% HP) [potion of
                  | mutation]
  5344 | D:5      | Gained mutation: Your mind is acute. (Int +4, Str/Dex -1)
                  | [potion of mutation]
  5344 | D:5      | Gained mutation: Your flesh is cold resistant. (rC+)
                  | [potion of mutation]
  5345 | D:5      | Lost mutation: Your flesh is cold resistant. (rC+) [potion
                  | of mutation]
  5345 | D:5      | Lost mutation: Your mind is acute. (Int +4, Str/Dex -1)
                  | [potion of mutation]
  5345 | D:5      | Lost mutation: You are frail. (-10% HP) [potion of
                  | mutation]
  5345 | D:5      | Gained mutation: You are weak. (Str -2) [potion of
                  | mutation]
  5345 | D:5      | Gained mutation: You sometimes lose your temper in combat.
                  | [potion of mutation]
  5345 | D:5      | Lost mutation: You are weak. (Str -2) [potion of mutation]
  5345 | D:5      | Gained mutation: You are partially covered in large bone
                  | plates. (SH +4) [potion of mutation]
  5346 | D:5      | Lost mutation: You are partially covered in large bone
                  | plates. (SH +4) [potion of mutation]
  5346 | D:5      | Lost mutation: You sometimes lose your temper in combat.
                  | [potion of mutation]
  5346 | D:5      | Gained mutation: Your flesh is cold resistant. (rC+)
                  | [potion of mutation]
  5346 | D:5      | Gained mutation: You have an increased reservoir of magic.
                  | (+10% MP) [potion of mutation]
  5346 | D:5      | Gained mutation: Your system is resistant to poisons.
                  | (rPois) [potion of mutation]
  5346 | D:5      | Gained mutation: Your flesh is heat resistant. (rF+)
                  | [potion of mutation]
  5693 | D:5      | Found a hide-covered altar of Uskayaw.
  6247 | D:6      | Found a blossoming altar of Fedhas.
  6290 | D:6      | Reached skill level 6 in Dodging
  6339 | D:6      | Reached skill level 5 in Hexes
  6366 | D:6      | Found a broken altar of Ashenzari.
  6402 | D:6      | Reached XP level 8. HP: 36/36 MP: 16/16
  7062 | D:7      | Reached skill level 7 in Dodging
  7068 | D:7      | Learned a level 4 spell: Summon Lightning Spire
  7123 | D:7      | Found a radiant altar of Vehumet.
  7195 | D:7      | Reached skill level 5 in Spellcasting
  7239 | D:7      | Noticed Maggie
  7259 | D:7      | Killed Maggie
  7260 | D:7      | Reached skill level 5 in Fighting
  7260 | D:7      | Reached skill level 1 in Air Magic
  7406 | D:7      | Identified the +1 robe "Hiypp" {rElec Will+ Archmagi}
  7727 | D:7      | Reached XP level 9. HP: 40/40 MP: 19/19
  7905 | D:7      | Found Cocy's Jewellery Shop.
  8313 | D:7      | Identified the +4 spear of Wu Jian, Singing {venom, rF+
                  | Int+4}
  8606 | D:7      | Found a staircase to the Ecumenical Temple.
  8670 | Temple   | Entered the Ecumenical Temple
  8675 | Temple   | Became a worshipper of Gozag Ym Sagoz the Greedy
  8686 | D:7      | Learned a level 3 spell: Tukima's Dance
  8745 | D:7      | Reached skill level 8 in Dodging
  9260 | D:8      | Slain by a wyvern
  9261 | D:8      | Reached XP level 8. HP: -1/37 MP: 28/28
  9261 | D:8      | Found a staircase to the Lair.
  9287 | D:8      | Noticed Pikel
  9300 | D:8      | Noticed Grum
  9542 | D:8      | Noticed Erica
  9546 | D:8      | Reached XP level 9. HP: 41/41 MP: 15/20
 10176 | D:8      | Found an ancient bone altar of Kikubaaqudgha.
 10307 | D:9      | Reached skill level 9 in Dodging
 10476 | D:9      | Learned a level 3 spell: Dazzling Flash
 10622 | D:8      | Killed Grum
 10712 | D:8      | Killed Pikel
 10867 | D:8      | Killed Erica
 10914 | D:8      | Reached XP level 10. HP: 46/46 MP: 7/23
 11821 | D:9      | Reached skill level 10 in Dodging
 12021 | D:9      | Noticed Amaemon
 12026 | D:9      | Noticed an orange demon
 12048 | D:9      | Killed an orange demon
 12049 | D:9      | Reached skill level 5 in Air Magic
 12054 | D:9      | Killed Amaemon
 12297 | D:9      | Found a snail-covered altar of Cheibriados.
 12627 | D:10     | Entered Level 10 of the Dungeon
 13003 | D:10     | Noticed a two-headed ogre
 13021 | D:10     | Killed a two-headed ogre
 13022 | D:10     | Reached skill level 1 in Translocations
 13022 | D:10     | Reached skill level 1 in Transmutations
 13022 | D:10     | Reached XP level 11. HP: 51/51 MP: 25/25
 13100 | D:10     | Found Wiru's General Store.
 13108 | D:10     | Bought a scroll of identify for 30 gold pieces
 13131 | D:11     | Noticed a six-headed hydra
 13142 | D:11     | Killed a six-headed hydra
 13313 | D:11     | Noticed a boulder beetle
 13322 | D:11     | Learned a level 1 spell: Apportation
 13741 | D:10     | Reached skill level 11 in Dodging
 13979 | D:10     | Found Iziud's General Store.
 13987 | D:10     | Bought a scroll of teleportation for 51 gold pieces
 13987 | D:10     | Bought a scroll of teleportation for 51 gold pieces
 14202 | D:11     | Identified the ring "Xubaiciyt" {+Blink rElec Will+ Int+3
                  | Dex-5}
 14363 | D:11     | Noticed a boulder beetle
 14402 | D:11     | Killed a boulder beetle
 14415 | D:11     | Learned a level 4 spell: Iskenderun's Mystic Blast
 14587 | D:11     | Noticed an eight-headed hydra
 14595 | D:11     | Killed an eight-headed hydra
 14751 | D:11     | Found Xifeebas's Assorted Antiques.
 14759 | D:11     | Bought a gilded ring for 150 gold pieces
 14759 | D:11     | Bought a clear potion for 27 gold pieces
 14759 | D:11     | Bought a scroll labelled PAMUAG HOTOJIV for 30 gold pieces
 14767 | D:11     | Noticed a six-headed hydra
 14803 | D:11     | Killed a six-headed hydra
 15081 | D:11     | Slain by a boulder beetle
 15082 | D:11     | Reached XP level 10. HP: -2/48 MP: 23/34
 15166 | D:11     | Identified the +5 rapier "Tihubbet" {freeze, Int+2 Dex+8}
 15240 | Lair:1   | Entered Level 1 of the Lair of Beasts
 15269 | Lair:1   | Noticed a cane toad
 15287 | Lair:1   | Killed a cane toad
 15342 | Lair:1   | Noticed an eight-headed hydra
 15419 | Lair:1   | Killed an eight-headed hydra
 15420 | Lair:1   | Reached skill level 5 in Translocations
 15420 | Lair:1   | Reached XP level 11. HP: 52/52 MP: 23/26
 15532 | Lair:1   | Found a frozen archway.
 15652 | IceCv    | Entered an ice cave
 16913 | IceCv    | Noticed a reaper
 17066 | Lair:1   | Reached skill level 12 in Dodging
 17233 | Lair:1   | Reached skill level 10 in Summonings
 17417 | Lair:1   | Reached skill level 5 in Transmutations
 17597 | Lair:1   | Found the +4 skin of Zhor {*Englaciate rC+++ SInv}
 17653 | Lair:1   | Noticed Harold
 17668 | Lair:1   | Killed Harold
 17902 | Lair:1   | Gained mutation: Your thick and shaggy fur keeps you warm.
                  | (AC +3, rC+) [Felid growth]
 17902 | Lair:1   | Reached XP level 12. HP: 49/57 MP: 12/28
 18448 | Lair:2   | Reached skill level 13 in Dodging
 18833 | Lair:2   | Reached skill level 10 in Fighting
 19803 | Lair:2   | Found a staircase to the Shoals.
 20139 | Lair:2   | Bought a Fen Folio for 504 gold pieces
 20145 | Lair:2   | Learned a level 5 spell: Summon Forest
 20266 | Lair:3   | Reached skill level 10 in Spellcasting
 20287 | Lair:3   | Reached skill level 1 in Conjurations
 20725 | Lair:3   | Noticed Gastronok
 20736 | Lair:3   | Reached skill level 14 in Dodging
 20738 | Lair:3   | Killed Gastronok
 20836 | Lair:3   | Noticed a death yak
 20845 | Lair:3   | Noticed a death yak
 20850 | Lair:3   | Noticed a death yak
 20884 | Lair:3   | Killed a death yak
 20885 | Lair:3   | Reached XP level 13. HP: 62/62 MP: 7/30
 21510 | Lair:3   | Found a hole to the Spider Nest.
 23221 | Lair:4   | Found an opulent altar of Gozag.
 23837 | Lair:5   | Entered Level 5 of the Lair of Beasts
 24039 | Lair:5   | Noticed Sonja
 24047 | Lair:5   | Killed Sonja
 24068 | Lair:5   | Learned a level 6 spell: Summon Cactus Giant
 24415 | Lair:5   | Found a staircase to the Slime Pits.
 25043 | Lair:5   | Reached skill level 15 in Dodging
 25065 | Lair:5   | Reached XP level 14. HP: 67/67 MP: 16/31
 25417 | Lair:5   | Identified the +3 lajatang of Annihilation {vorpal, rPois
                  | Will+ Int-3 Dex+4}
 26634 | D:12     | Identified the +1 robe "Antury" {Rampage *Corrode rC+
                  | Stlth+}
 26689 | D:12     | Found a staircase to the Orcish Mines.
 27692 | Orc:1    | Entered Level 1 of the Orcish Mines
 28131 | Orc:1    | Reached skill level 5 in Conjurations
 28374 | Orc:2    | Entered Level 2 of the Orcish Mines
 28374 | Orc:2    | Found Lohutzoa's Vocational Training.
 28696 | Orc:2    | Found a staircase to the Elven Halls.
 29567 | Orc:2    | Reached skill level 10 in Translocations
 29571 | Orc:2    | Found Wyathru's Book Shop.
 29571 | Orc:2    | Found Ylices's Assorted Antiques.
 29573 | Orc:2    | Found Usuinwopt's Assorted Antiques.
 29573 | Orc:2    | Found Hibeg's Jewellery Shoppe.
 29625 | Orc:2    | Bought a book of the Sky for 704 gold pieces
 29630 | Orc:2    | Bought a scroll labelled NOUGHA LAFUIHU for 25 gold pieces
 30308 | Spider:1 | Entered Level 1 of the Spider Nest
 30465 | Spider:1 | You fall into a shaft and drop 1 floor!
 30862 | Spider:1 | Identified the +0 pair of gloves "Emommel" {Fly rF+ Str+2}
 30862 | Spider:1 | Noticed Nikola
 30884 | Spider:1 | Killed Nikola
 30907 | Spider:1 | HP: 1/69 [jumping spider (16)]
 30907 | Spider:1 | Slain by a jumping spider
 30908 | Spider:1 | Reached XP level 13. HP: 0/64 MP: 39/39
 31062 | Spider:1 | Reached XP level 14. HP: 69/69 MP: 17/31
 31072 | Spider:1 | Noticed a broodmother
 31074 | Spider:1 | Noticed a broodmother
 31076 | Spider:1 | Reached skill level 16 in Dodging
 31336 | Lair:3   | Killed a broodmother
 31536 | Spider:1 | HP: 2/69 [entropy weaver (12)]
 31537 | Spider:1 | Slain by an entropy weaver
 31538 | Spider:1 | Reached XP level 13. HP: 19/65 MP: 39/39
 31565 | Spider:1 | Killed an entropy weaver
 32022 | Spider:1 | Noticed an emperor scorpion
 32062 | Spider:1 | Killed a broodmother
 32418 | Spider:1 | Killed an emperor scorpion
 33110 | Spider:2 | HP: 1/65 [wolf spider (22)]
 33111 | Spider:2 | Slain by a wolf spider

Illustrated notes

Levels and vault maps discovered:
D:1:      minmay_arrival_plants_in_alcoves, layout_loops_ring,
          hellmonk_ecumenical_altar_watching_god
D:2:      layout_basic, minmay_joined_circles, uniq_crazy_yiuf_cottage
D:3:      layout_basic, minmay_misc_feat_tiny
D:4:      layout_layer_cave, nicolae_overflow_crystal_walls,
          nicolae_overflows_in_rows, serial_shops, shop
D:5:      layout_loops_ring, kennysheep_mini_moat, gup_sewer_entry_bowl,
          water_maze_lemuel
D:6:      layout_cave_pools, cheibrodos_ashenzari_chains,
          mainiacjoe_overflow_small_starburst, minmay_ogre_servants
D:7:      corexii_shantytown, layout_gridville, mainiacjoe_overflow_24_doors,
          minmay_temple_entry_poolview, serial_shops,
          nicolae_shop_advertising_works [nicolae_subvault_shop_adworks],
          uniq_maggie
D:8:      layout_basic, mainiacjoe_overflow_tiny_flanked,
          minmay_lair_entry_grove, kennysheep_nub, uniq_grum, uniq_erica,
          uniq_pikel
D:9:      layout_cave_pools, kennysheep_mini, reono_crystal_passage,
          uniq_amaemon
D:10:     layout_stronghold, serial_shops, shop, nicolae_shop_waterfront,
          minmay_tree_intersection
D:11:     layout_roguey, serial_shops, shop
D:12:     layout_loops_ring, orc_0_dummy
D:13:     layout_rooms, david_vaults_5
Temple:   hellmonk_temple_micro_hex
Lair:1:   layout_roguey, portal_ice_cave_entry_pillars_2,
          hellmonk_guarded_unrand_zhor, uniq_harold
Lair:2:   layout_loops_ring, minmay_shoals_entry_beasts, gauntlet_entry_generic,
          serial_bayou_shore_b, lemuel_fruit_fields, grunt_megastairs_2,
          lemuel_fruit_fields
Lair:3:   layout_gridlike, hellmonk_spider_entry_life_and_decay,
          hangedman_lair_generics_rect, uniq_gastronok
Lair:4:   layout_cave_pods, lemuel_oklob_altar, grunt_megastairs_5,
          infiniplex_staircase_pool
Lair:5:   grunt_lair_end_beastmaster, layout_cellular_growth,
          minmay_slime_entry_jelly_boxes, chequers_serial_rivers_micro_b,
          uniq_sonja
Spider:1: spider_temple_joshua, hangedman_spider_tarantella_strand, uniq_nikola
Spider:2: layout_spider_delve, drop_trap, guppyfry_spider_mini_2
Orc:1:    layout_caves
Orc:2:    grunt_orc_tribal_feast, layout_caves, nicolae_shop_vocational

Skill      XL: |  1  2  3  4  5  6  7  8  9 10 11 12 13 14 |
---------------+-------------------------------------------+-----
Stealth        | 3 |  3.3
Dodging        | 3 4 5 6 7 9 10 12 14 15 16 | 16.2
Fighting       | 1 2 3 6 7 9 10 11 12 | 12.5
Hexes          | 1 2 3 5 |  5.0
Spellcasting   | 3 4 6 7 9 10 | 10.4
Summonings     | 5 6 8 9 10 12 | 12.1
Air Magic      | 3 4 5 7 |  7.7
Translocations | 5 4 6 11 10 | 11.2
Transmutations | 1 5 7 9 |  9.3
Conjurations   | 1 4 5 |  5.5

Action                   |  1- 3 |  4- 6 |  7- 9 | 10-12 | 13-15 || total
-------------------------+-------+-------+-------+-------+-------++-------
Melee: Unarmed           |     8 |     8 |    25 |    10 |    29 ||    80
       Bite              |     2 |       |     3 |     3 |     6 ||    14
       Punch             |       |       |     1 |     1 |       ||     2
 Cast: Summon Small Mamm |    55 |    28 |    71 |    21 |     4 ||   179
       Call Imp          |    16 |     5 |    21 |     8 |     2 ||    52
       Call Canine Famil |     7 |    16 |    60 |    58 |    45 ||   186
       Summon Guardian G |       |     3 |    45 |    65 |    30 ||   143
       Summon Lightning  |       |       |     6 |   135 |   112 ||   253
       Tukima's Dance    |       |       |     5 |     3 |       ||     8
       Dazzling Flash    |       |       |       |     5 |     1 ||     6
       Apportation       |       |       |       |     3 |       ||     3
       Summon Forest     |       |       |       |     4 |    26 ||    30
       Summon Cactus Gia |       |       |       |       |    84 ||    84
       Iskenderun's Myst |       |       |       |       |     3 ||     3
Invok: Call Merchant     |       |       |       |     2 |       ||     2
       Potion Petition   |       |       |       |       |     3 ||     3
 Abil: Evoke Blink       |       |       |       |     1 |       ||     1
Evoke: Wand              |       |       |       |     4 |     8 ||    12
  Use: Scroll            |     6 |       |    17 |    10 |    10 ||    43
       Potion            |       |       |     6 |     3 |    11 ||    20
Armor: Skin              |     1 |     1 |     8 |    11 |     4 ||    25
Dodge: Dodged            |    21 |     9 |   173 |   250 |   212 ||   665
